 Dungeon Crawl Stone Soup version 0.32-a0-916-g093061d (webtiles) character file.

Game seed: 10908729088292619619

161674 Mumonspawn the Warrior (level 17, -3/146 HPs)
             Began as a Mummy Berserker on Apr 9, 2024.
             Was a High Priest of Trog.
             Slain by a swamp dragon (11 damage)
             ... on level 4 of the Swamp.
             The game lasted 00:47:41 (32255 turns).

Mumonspawn the Warrior (Mummy Berserker)           Turns: 32255, Time: 00:47:42

Health: -3/146     AC: 13    Str: 25    XL:     17   Next: 20%
Magic:  17/17      EV: 19    Int:  6    God:    Trog [*****.]
Gold:   1519       SH:  5    Dex: 20    Spells: 16/16 levels left

rFire   + +          .
                       - Unarmed
rCold   + + +        (no shield)
rNeg    + + +        H - +4 skin of Zhor {*Englaciate rC+++ SInv}
rPois   ∞            K - +0 helmet
rElec   .            C - +1 cloak "Maec" {Slay+5}
rCorr   .            I - +1 pair of gloves "Guukumpa" {rF+++ Regen+ Int-4 SInv}
SInv    +            X - +1 pair of boots {rampage}
Will    ++...        N - amulet of reflection
Stlth   +            O - +4 ring of slaying
HPRegen 1.24/turn    t - ring "Parac" {^Contam rC+ Int+3 Dex+6 Slay+2}
MPRegen 0.15/turn

%: reflection, rampage, faith
@: silenced
A: cold resistance 1, negative energy resistance 3, torment resistance 2, heat
vulnerability 1, in touch with death 2, no potions, faith
a: Renounce Religion


You were on level 4 of the Swamp.
You worshipped Trog.
Trog was extremely pleased with you.
You visited 5 branches of the dungeon, and saw 27 of its levels.
You also visited: Gauntlet and Ice Cave.

You collected 2578 gold pieces.
You spent 1059 gold pieces at shops.

Inventory:

Hand Weapons
 b - the +2 orcbow "Nocsoq" {flame, Will- MP-9 Int+3 Dex+8}
   (You found it on level 5 of the Lair of Beasts)

   Int+3:     It affects your intelligence (+3).
   Dex+8:     It affects your dexterity (+8).
   Will-:     It decreases your willpower.
   MP-9:      It affects your magic capacity (-9).
Missiles
 c - a curare-tipped dart {!f}
 j - 11 boomerangs
 o - 4 javelins
 v - 36 poisoned darts (quivered)
 z - a throwing net {!f}
 U - 6 darts of dispersal
Armour
 i - a +2 scale mail of poison resistance
 l - the +1 pair of gloves of the Mpinguari {rF+ Int+6}
   (You bought it in a shop on level 12 of the Dungeon)

   Int+6:     It affects your intelligence (+6).
   rF+:       It protects you from fire.
 C - the +1 cloak "Maec" (worn) {Slay+5}
   (You found it in a Gauntlet)

   Slay+5:    It affects your accuracy & damage with ranged weapons and melee
   (+5).
 H - the +4 skin of Zhor (worn) {*Englaciate rC+++ SInv}
   (You found it on level 1 of the Lair of Beasts)

   *Englaciate: It radiates cold, occasionally slowing all nearby creatures who
   are not resistant to cold.
   rC+++:     It renders you almost immune to cold.
   SInv:      It lets you see invisible.
 I - the +1 pair of gloves "Guukumpa" (worn) {rF+++ Regen+ Int-4 SInv}
   (You acquired it on level 4 of the Lair of Beasts)

   Int-4:     It affects your intelligence (-4).
   rF+++:     It renders you almost immune to fire.
   SInv:      It lets you see invisible.
   Regen+:    It increases your rate of health regeneration.
 K - a +0 helmet (worn)
 X - a +1 pair of boots of rampaging (worn)
Jewellery
 m - a ring of willpower
 p - a ring of magical power
 q - a +6 ring of dexterity
 s - a ring of flight
 t - the ring "Parac" (right hand) {^Contam rC+ Int+3 Dex+6 Slay+2}
   (You acquired it on level 10 of the Dungeon)

   [ring of dexterity]

   Int+3:     It affects your intelligence (+3).
   Dex+6:     It affects your dexterity (+6).
   Slay+2:    It affects your accuracy & damage with ranged weapons and melee
   (+2).
   rC+:       It protects you from cold.
   ^Contam:   It causes magical contamination when unequipped.
 x - a +6 ring of strength
 E - a ring of protection from cold
 J - a ring of see invisible
 L - a ring of protection from fire
 M - a ring of resist corrosion
 N - an amulet of reflection (around neck)
 O - a +4 ring of slaying (left hand)
 Y - the ring "Kiekkuxu" {Wiz rC+ Str+3}
   (You bought it in a shop on level 2 of the Orcish Mines)

   [ring of wizardry]

   Wiz:       It improves your spell success rate.
   Str+3:     It affects your strength (+3).
   rC+:       It protects you from cold.
Wands
 d - a wand of mindburst (9)
 e - a wand of paralysis (31)
 f - a wand of flame (20)
 g - a wand of roots (37)
 k - a wand of polymorph (10)
 D - a wand of digging (21)
 G - a wand of acid (14)
Scrolls
 a - 3 scrolls of enchant armour
 h - 4 scrolls of noise
 n - a scroll of brand weapon
 r - 16 scrolls of identify
 w - a scroll of butterflies
 y - 5 scrolls of fog {!r}
 A - 4 scrolls of enchant weapon
 B - 3 scrolls of revelation {!r}
 P - 2 scrolls of poison
 Q - 2 scrolls of vulnerability
 R - a scroll of silence {!r}
 S - 2 scrolls of immolation
 T - 10 scrolls of teleportation {!r}
 W - 7 scrolls of blinking
Miscellaneous
 F - a tin of tremorstones (1/2)
 V - a lightning rod (4/4)
 Z - a box of beasts (inert)


   Skills:
 + Level 16.9 Fighting
 - Level 8.0 Throwing
 + Level 3.7 Armour
 - Level 11.0 Dodging
 - Level 2.0 Stealth
 + Level 16.5 Unarmed Combat
 + Level 8.7 Evocations


You had 16 spell levels left.
You didn't know any spells.
Your spell library was empty.

Dungeon Overview and Level Annotations

Branches:
Dungeon (15/15)            Temple (1/1) D:7            Lair (5/5) D:11
  Swamp (4/4) Lair:2       Spider (0/4) Lair:2        Slime (0/5) Lair:4
    Orc (2/2) D:10            Elf (0/3) Orc:2        Vaults (0/5) D:14
 Depths (0/4) D:15          IceCv (visited)         Gauntlet (visited)

Altars:
Ashenzari
Cheibriados
Dithmenos
Fedhas
Gozag
Hepliaklqana
Kikubaaqudgha
Makhleb
Nemelex Xobeh
Okawaru
Qazlal
Ru
Sif Muna
Trog
Uskayaw
Vehumet
Wu Jian
Xom
Yredelemnul
Jiyva

Shops:
D:6 ?   D:8 (   D:12 **:(*   D:14 *   Orc:2 :?[*(*

Annotations:
D:9 2 transporters, exclusion: obsidian statue
Swamp:4 2 transporters, Wizard1ke's ghost, adept HuSh


Innate Abilities, Weirdness & Mutations

You are immune to poison.
Your flesh is cold resistant. (rC+)
You are immune to negative energy. (rN+++)
You are immune to unholy pain and torment.
You are vulnerable to heat. (rF-)
You are strongly in touch with the powers of death.
You do not drink.
You have a special connection with the divine. (Faith)


Message History

The four-headed hydra bites you but does no damage.
The four-headed hydra barely misses you. @2 6 의 대미지, 남은 HP2 = 53/146 hp.
You open the lid... ...and a juvenile shocksting beast leaps out!
The box is emptied!
The swamp dragon bites you!
The swamp dragon claws you but does no damage.
The swamp dragon tramples you but does no damage.
The eight-headed hydra misses you.
The eight-headed hydra barely misses you.
The eight-headed hydra completely misses you.
The eight-headed hydra closely misses you.
The eight-headed hydra bites you.
The eight-headed hydra bites you but does no damage. x2
The eight-headed hydra closely misses you.
Your troll bites the eight-headed hydra!
Your troll barely misses the eight-headed hydra.
Your troll claws the eight-headed hydra!!
The four-headed hydra bites you but does no damage.
The four-headed hydra misses you. The four-headed hydra bites you!
The four-headed hydra misses you. @ 28 의 대미지, 남은 HP = 25/146 hp.
Unknown command.
Unknown command.
Your troll bites the eight-headed hydra!
Your troll claws the eight-headed hydra!
Your troll claws the eight-headed hydra.
The swamp dragon bites you! The swamp dragon barely misses you.
The swamp dragon completely misses you.
The four-headed hydra attacks as it pursues you!
The four-headed hydra bites you but does no damage.
The four-headed hydra bites you!
* * * LOW HITPOINT WARNING * * *
The four-headed hydra misses you.
The four-headed hydra completely misses you.
Your juvenile shocksting beast stings the eight-headed hydra from afar. @ 18 의 대미지, 남은 HP = 7/146 hp.
As you read the scroll of silence {!r}, it crumbles to dust.
A profound silence engulfs you. The swamp dragon bites you!
You die...

.~..~.♣ ~.~..
♣.♣.~♣♣♣♣♣♣ ...~~
♣♣♣♣...~.♣♣~♣ ♣♣♣.♣.(~
♣♣.♣~~~~....~♣♣♣~.~.(.#
~~
~.~.♣.~♣~♣♣.♣~♣☼○○°○♣
~~~
~..♣...~♣♣..~~.)°☼D○#
~~~ ...~†..♣.♣♣..H.T°☼♣
..~ ~.~~...~.§♣♣♣.°DDD#
♣~. .~.~.♣..§~♣♣♣~~°@♣#
♣~~ ....~~~....~.~○..♣#
♣. [~~~.....~~.~.~~~~#
#♣. ...~.....~....~~.~♣
♣.~
~~~...~.~..~.~...~.♣
♣~~
†.......~...~~...~~~♣
~~.
~.~~~~.~.~.~...~.~.~~
...
~~~.~~..~..~..~~.~.~[
...
.~...~.~....~~~.....
♣.~


You could see an eight-headed hydra (distracted, ally target), a four-headed
hydra, 2 swamp dragons, a friendly juvenile shocksting beast (summoned,
unsilenced) and a friendly troll (summoned, berserk).

Vanquished Creatures
  An Ice Fiend (IceCv)
  A thorn hunter (Swamp:4)
  Donald (Orc:2)
  2 fenstrider witches
  A frost giant (D:13)
  A stone giant (D:15)
  A very ugly thing (IceCv)
  4 eleionomae
  A minotaur (Gauntlet)
  2 bunyips (Swamp:4)
  An ettin (D:13)
  3 caustic shrike simulacra (IceCv)
  An ogre mage (D:15)
  5 catoblepae
  21 hydras
  6 centaur warriors
  2 ghost crabs (Swamp:2)
  15 alligators
  6 two-headed ogres
  5 boulder beetles
  2 death scarabs (Gauntlet)
  4 tengu warriors
  8 death yaks
  4 orc high priests (Orc:2)
  2 skysharks (Lair:5)
  A skeletal warrior (D:13)
  A deep elf knight (D:14)
  5 spriggan druids
  4 goliath frogs
  A death drake (Swamp:4)
  6 swamp dragons
  7 bog bodies
  2 orc knights
  Pikel (D:4)
  2 obsidian statues (IceCv)
  A harpy (shapeshifter) (D:15)
  2 orc sorcerers (Orc:2)
  3 deep elf pyromancers
  An obsidian bat (Orc:1)
  4 deep elf zephyrmancers (D:14)
  2 ugly things
  5 manticores
  4 will-o-the-wisps
  5 cyclopes
  Maurice (D:11)
  2 kobold blastminers (Orc:2)
  An ice statue (Swamp:2)
  3 meliai (D:14)
  24 elephants
  4 black mambas
  12 cane toads
  A torpor snail (Lair:1)
  4 gargoyles
  2 kobold demonologists (D:13)
  4 yaktaurs (D:14)
  14 komodo dragons
  6 rime drakes
  An anaconda simulacrum (IceCv)
  6 freezing wraiths (IceCv)
  An ice devil (IceCv)
  2 golden dragon simulacra (IceCv)
  6 trolls
  A tarantella (shapeshifter) (D:13)
  4 tyrant leeches
  A wolf spider simulacrum (D:15)
  10 hornets
  2 polar bears
  A raiju (shapeshifter) (D:13)
  The ghost of Hermes the Apothecary, an amateur BaAl (D:4)
  12 dream sheep
  3 blink frogs (Lair:3)
  2 spectral dream sheep (Gauntlet)
  13 spriggans
  2 shadows
  6 slime creatures
  Sigmund (D:4)
  A dire elephant simulacrum (IceCv)
  2 humans (D:11)
  50 yaks
  4 wraiths
  3 basilisks
  5 wyverns
  2 redbacks (Lair:2)
  A fire bat (shapeshifter) (D:13)
  A warg (Orc:2)
  A steam dragon (D:9)
  4 vampire mosquitoes (D:12)
  16 swamp worms
  2 acid dragons
  11 water moccasins
  3 hydra simulacra (IceCv)
  19 orc warriors
  A swamp drake (Swamp:4)
  2 ettin simulacra (IceCv)
  2 ice beasts
  2 black bears
  3 laughing skulls
  10 ogres
  19 wolves
  8 centaurs
  A boggart (D:14)
  2 small abominations (Swamp:2)
  2 lemures (D:3)
  Blork the orc (D:5)
  10 kobold brigands
  10 bullfrogs
  3 gnoll sergeants
  A scorpion (D:11)
  A deep troll simulacrum (IceCv)
  9 wights
  8 killer bees
  12 howler monkeys
  2 electric eels (D:6)
  2 bombardier beetles
  30 orc priests
  A gnoll bouda (D:8)
  2 jellies
  A sleepcap (D:7)
  Terence (D:2)
  4 iguanas
  26 orc wizards
  11 hell rats
  6 adders
  12 gnolls
  2 white imps
  2 ufetubi (D:6)
  4 dart slugs
  6 ribbon worms
  69 orcs
  7 ball pythons
  8 endoplasms
  3 giant cockroaches
  3 goblins
  4 hobgoblins
  3 jackals (D:2)
  3 quokkas
  8 bats
  32 kobolds
  A rat (D:2)
795 creatures vanquished.

Vanquished Creatures (collateral kills)
  Rupert (D:12)
  7 death yaks
  4 elephants (Lair:2)
  2 cane toads
  19 yaks
  2 basilisks
  2 orc warriors (Orc:2)
  A wolf (Lair:5)
  7 orc priests (Orc:2)
  4 orc wizards (Orc:2)
  A hell rat (Lair:2)
50 creatures vanquished.

Vanquished Creatures (others)
  16 foxfires
16 creatures vanquished.

Grand Total: 861 creatures vanquished

Notes
Turn   | Place    | Note
-------+----------+-------------------------------------------
     0 | D:1      | Mumonspawn the Mummy Berserker began the quest for the Orb.
     0 | D:1      | Reached XP level 1. HP: 18/18 MP: 1/1
   204 | D:1      | Reached XP level 2. HP: 24/24 MP: 2/2
   637 | D:1      | Reached ** piety under Trog
  1181 | D:2      | Reached XP level 3. HP: 26/29 MP: 3/3
  1609 | D:3      | Found an iron altar of Okawaru.
  1778 | D:3      | Reached XP level 4. HP: 37/37 MP: 4/4
  1786 | D:3      | Noticed Terence
  2012 | D:2      | Killed Terence
  2178 | D:3      | Reached XP level 5. HP: 42/42 MP: 5/5
  2755 | D:4      | Noticed a lemure
  2755 | D:4      | Noticed a lemure
  2756 | D:4      | Noticed Pikel
  3080 | D:3      | Reached XP level 6. HP: 36/49 MP: 6/6
  3248 | D:3      | Reached skill level 1 in Throwing
  3782 | D:4      | Found a runed translucent door.
  3790 | D:4      | Reached *** piety under Trog
  3802 | D:4      | Noticed Hermes's ghost (amateur BaAl)
  3835 | D:4      | Noticed an orc warrior
  3871 | D:4      | Killed an orc warrior
  3872 | D:4      | Reached skill level 1 in Evocations
  4024 | D:4      | Noticed Sigmund
  4256 | D:4      | Killed Pikel
  4257 | D:4      | Reached skill level 5 in Fighting
  4257 | D:4      | Reached XP level 7. HP: 25/56 MP: 7/7
  4268 | D:4      | Killed Sigmund
  4269 | D:4      | Reached XP level 8. HP: 18/64 MP: 8/8
  4808 | D:5      | Entered Level 5 of the Dungeon
  4868 | D:5      | Noticed Blork the orc
  4892 | D:5      | Killed Blork the orc
  6311 | D:6      | Noticed a komodo dragon
  6360 | D:6      | Reached **** piety under Trog
  6501 | D:6      | Found Oduguth's Magic Scroll Shop.
  6509 | D:6      | Bought a scroll of fog for 44 gold pieces
  6509 | D:6      | Bought a scroll of identify for 22 gold pieces
  6509 | D:6      | Bought a scroll of blinking for 82 gold pieces
  6509 | D:6      | Bought a scroll of teleportation for 33 gold pieces
  6509 | D:6      | Bought a scroll of poison for 44 gold pieces
  6580 | D:6      | Found a burning altar of Makhleb.
  6580 | D:6      | Noticed a green death
  6642 | D:6      | Reached XP level 9. HP: 64/72 MP: 9/9
  6750 | D:6      | Killed a komodo dragon
  7354 | D:7      | Found a staircase to the Ecumenical Temple.
  7560 | D:7      | Found a shadowy altar of Dithmenos.
  7572 | D:7      | You fall into a shaft and drop 2 floors!
  7706 | D:9      | Noticed a cyclops
  7707 | D:9      | Found a transporter.
  7707 | D:9      | Noticed a yaktaur
  7707 | D:9      | Found the amulet of Vitality {Regen++ RegenMP++}
  7708 | D:9      | Noticed an obsidian statue
  7710 | D:9      | Noticed a tengu warrior
  7712 | D:9      | a yaktaur changed into a human
  8399 | D:8      | Found Nurphepea's Antique Weapon Boutique.
  8733 | D:8      | Reached XP level 10. HP: 76/80 MP: 10/10
  8852 | D:8      | Reached ***** piety under Trog
  9521 | D:4      | Killed Hermes's ghost
  9787 | D:9      | Found a transporter.
 10010 | D:9      | Reached skill level 5 in Throwing
 10088 | D:9      | Noticed a deep elf pyromancer
 10096 | D:9      | Noticed a black mamba
 10168 | D:9      | a black mamba changed into a yak
 10562 | D:9      | Reached skill level 10 in Unarmed Combat
 10934 | D:9      | Noticed a black mamba
 11032 | D:10     | Entered Level 10 of the Dungeon
 11191 | D:10     | Found a staircase to the Orcish Mines.
 11393 | D:10     | Reached XP level 11. HP: 69/89 MP: 11/11
 11674 | D:10     | Found a radiant altar of Vehumet.
 11674 | D:10     | Found a snail-covered altar of Cheibriados.
 12486 | D:10     | Identified a scroll of acquirement
 12487 | D:10     | Acquired the ring "Parac" {^Contam rC+ Int+3 Dex+6 Slay+2}
 12522 | D:11     | Noticed Maurice
 12522 | D:11     | Noticed a boulder beetle
 12536 | D:10     | Killed a boulder beetle
 12711 | D:11     | Maurice stole a +2 vampiric trident
 12712 | D:11     | Killed Maurice
 13055 | D:11     | Found a staircase to the Lair.
 13181 | D:11     | Reached skill level 10 in Fighting
 13358 | D:11     | Found an iron altar of Okawaru.
 13454 | D:11     | Noticed a boulder beetle
 13471 | D:11     | Killed a boulder beetle
 14288 | D:11     | Noticed a boulder beetle
 14303 | D:11     | Killed a boulder beetle
 14530 | Temple   | Entered the Ecumenical Temple
 14652 | Lair:1   | Entered Level 1 of the Lair of Beasts
 15006 | Lair:1   | Received a gift from Trog
 15007 | Lair:1   | Reached XP level 12. HP: 88/98 MP: 12/12
 15377 | Lair:1   | Found the +4 skin of Zhor {*Englaciate rC+++ SInv}
 15382 | Lair:1   | Reached skill level 5 in Evocations
 15382 | Lair:1   | Identified the +0 robe of the Chupacabra {rF+ Int+2}
 16196 | Lair:2   | Found a hole to the Spider Nest.
 16250 | Lair:2   | Identified the +1 pair of gloves of the Depths {Harm Str+5
                  | Int-3}
 16413 | Lair:2   | Noticed a death yak
 16415 | Lair:2   | Noticed a death yak
 16417 | Lair:2   | Noticed a death yak
 16418 | Lair:2   | Noticed a death yak
 16419 | Lair:2   | Noticed a death yak
 16425 | Lair:2   | Noticed a death yak
 16429 | Lair:2   | Killed a death yak
 16435 | Lair:2   | Killed a death yak
 16438 | Lair:2   | Killed a death yak
 16441 | Lair:2   | Killed a death yak
 16446 | Lair:2   | Killed a death yak
 16448 | Lair:2   | Killed a death yak
 16517 | Lair:2   | Gained mutation: You are strongly in touch with the powers
                  | of death. [Mummy growth]
 16517 | Lair:2   | Reached XP level 13. HP: 51/106 MP: 13/13
 17182 | Lair:2   | Noticed an eleionoma
 17205 | Lair:2   | Killed an eleionoma
 17473 | Lair:2   | Found a staircase to the Swamp.
 18354 | Lair:3   | Received a gift from Trog
 18620 | Lair:3   | Reached skill level 5 in Dodging
 19664 | Lair:4   | Acquired the +1 pair of gloves "Guukumpa" {rF+++ Regen+
                  | Int-4 SInv}
 19737 | Lair:4   | Found a staircase to the Slime Pits.
 19737 | Lair:4   | Found a viscous altar of Jiyva.
 20205 | Lair:5   | Entered Level 5 of the Lair of Beasts
 20210 | Lair:5   | Noticed Nessos
 20221 | Lair:4   | Reached ****** piety under Trog
 20244 | Lair:5   | Nessos changed into Nessos the yak
 20244 | Lair:5   | Noticed Nessos
 20248 | Lair:5   | Killed Nessos the yak
 20311 | Lair:5   | Received a gift from Trog
 20522 | Lair:5   | Reached XP level 14. HP: 98/118 MP: 14/14
 20820 | Lair:5   | Identified the +2 dagger of Guoguhun {freeze, rC+ Will+}
 21613 | Lair:5   | Received a gift from Trog
 22079 | Lair:5   | Identified the +2 orcbow "Nocsoq" {flame, Will- MP-9 Int+3
                  | Dex+8}
 22249 | D:12     | Found a gate leading to a gauntlet.
 22249 | D:12     | Found Pavet Hohufa's Assorted Antiques.
 22251 | D:12     | Noticed Rupert
 22278 | D:12     | Reached skill level 1 in Stealth
 22332 | D:12     | Killed Rupert
 22353 | D:12     | Bought an encrusted bronze wand for 100 gold pieces
 22353 | D:12     | Bought a pair of jewelled gloves for 237 gold pieces
 22353 | D:12     | Identified the +1 pair of gloves of the Mpinguari {rF+
                  | Int+6} (You bought it in a shop on level 12 of the Dungeon)
 22367 | Gauntlet | Entered a Gauntlet
 22367 | Gauntlet | Found a transporter.
 22367 | Gauntlet | Found a transporter.
 22367 | Gauntlet | Found a transporter.
 22388 | Gauntlet | Found a transporter.
 22400 | Gauntlet | Found a transporter.
 22401 | Gauntlet | Found a transporter.
 22417 | Gauntlet | Found a transporter.
 22430 | Gauntlet | Found a transporter.
 22447 | Gauntlet | Found a transporter.
 22447 | Gauntlet | Found a transporter.
 22455 | Gauntlet | Found a transporter.
 22458 | Gauntlet | Found a transporter.
 22565 | Gauntlet | Identified the +6 long sword of Woe {freeze, rF+ rCorr}
 22695 | Gauntlet | Identified the +1 cloak "Maec" {Slay+5}
 22758 | Gauntlet | Identified the +5 rapier "Neneip" {antimagic, rElec rPois}
 22865 | D:12     | Reached XP level 15. HP: 119/127 MP: 15/15
 22887 | D:12     | Found Gateatez's Antique Weapon Shop.
 22901 | D:12     | Identified the +2 trident of Lawkisk {antimagic, rF+ Int+3}
 22931 | D:12     | Found Pohas's General Store.
 23302 | D:12     | Found Tosmekot's General Store.
 23342 | D:12     | Found Xifuip's Book Emporium.
 23714 | D:13     | Received a gift from Trog
 23796 | D:13     | Noticed a frost giant
 23847 | D:13     | Killed a frost giant
 24193 | D:13     | Reached skill level 15 in Unarmed Combat
 24448 | D:14     | Found a blossoming altar of Fedhas.
 24800 | D:14     | Found a gate to the Vaults.
 24855 | D:14     | Reached skill level 15 in Fighting
 25333 | D:14     | Found Keukazun's General Store.
 25484 | D:15     | Entered Level 15 of the Dungeon
 26033 | D:15     | Received a gift from Trog
 26284 | D:15     | Found a staircase to the Depths.
 26907 | Orc:1    | Entered Level 1 of the Orcish Mines
 27302 | Orc:2    | Entered Level 2 of the Orcish Mines
 27317 | Orc:2    | Found Rehaicle's General Store.
 27327 | Orc:2    | Bought a +0 pair of boots of stealth for 126 gold pieces
 27608 | Orc:2    | Noticed Donald
 27625 | Orc:2    | Killed Donald
 27730 | Orc:2    | Reached XP level 16. HP: 31/136 MP: 16/16
 27737 | Orc:2    | Received a gift from Trog
 27918 | Orc:2    | Found Arehun's Antique Weapon Boutique.
 27921 | Orc:2    | Found Ratuw's Assorted Antiques.
 27922 | Orc:2    | Found Zeoxt's Magic Scroll Shop.
 27926 | Orc:2    | Found Jaxiadd's Armour Shop.
 27930 | Orc:2    | Bought a crude copper ring for 125 gold pieces
 27930 | Orc:2    | Identified the ring "Kiekkuxu" {Wiz rC+ Str+3} (You bought
                  | it in a shop on level 2 of the Orcish Mines)
 27959 | Orc:2    | Bought a scroll of silence for 123 gold pieces
 27959 | Orc:2    | Bought a scroll of torment for 123 gold pieces
 28040 | Orc:2    | Found Uhozyaxt's Vocational Training.
 28134 | Orc:2    | Found a staircase to the Elven Halls.
 28524 | Swamp:1  | Entered Level 1 of the Swamp
 28718 | Swamp:1  | Reached skill level 10 in Dodging
 29071 | Swamp:1  | You fall into a shaft and drop 1 floor!
 29296 | Swamp:2  | Found a glacial archway.
 29315 | IceCv    | Entered an ice cave
 29326 | IceCv    | Received a gift from Trog
 30122 | IceCv    | Noticed an Ice Fiend
 30130 | IceCv    | Killed an Ice Fiend
 31015 | Swamp:3  | Received a gift from Trog
 31646 | Swamp:4  | Entered Level 4 of the Swamp
 31700 | Swamp:4  | Noticed a thorn hunter
 31718 | Swamp:4  | Killed a thorn hunter
 31871 | Swamp:4  | Found a transporter.
 31874 | Swamp:4  | Found a transporter.
 31874 | Swamp:4  | Noticed Wizard1ke's ghost (adept HuSh)
 31874 | Swamp:4  | Noticed a tentacled monstrosity
 31917 | Swamp:4  | Reached XP level 17. HP: 146/146 MP: 17/17
 32254 | Swamp:4  | HP: 7/146 [four-headed hydra (9)]
 32255 | Swamp:4  | Slain by a swamp dragon

Illustrated notes

Levels and vault maps discovered:
D:1:      dpeg_arrival_tiny_a, layout_basic
D:2:      layout_basic
D:3:      layout_loops_ring, lemuel_round_altar, uniq_terence
D:4:      layout_loops_cross, ebering_ghost_reflecting_pool, minmay_hedge_maze,
          guppyfry_early_orc_mine, uniq_sigmund, uniq_pikel
D:5:      layout_loops_ring, uniq_blork_the_orc
D:6:      layout_basic, makhleb_altar_promises_db, serial_shops,
          nicolae_shop_just_a_little_nook, serial_bayou_lake_a
D:7:      layout_rooms, mainiacjoe_overflow_six_doors_small,
          minmay_temple_entry_hall, serial_curves, eino_curves_02,
          eino_curves_02, eino_curves_04
D:8:      layout_basic, serial_shops, nicolae_shop_dealshenge
D:9:      gammafunk_sealed_arena, layout_stronghold
D:10:     layout_irregular_city, gammafunk_temple_overflow_wave,
          kennysheep_orc_monster_closet_entryway
D:11:     layout_basic, grunt_lair_entry_orc_guard_hut, okawaru_humans,
          uniq_maurice
D:12:     layout_rooms, gauntlet_entry_generic, serial_shops, shop,
          nicolae_shop_advertising_works [nicolae_subvault_shop_adworks], shop,
          nicolae_shop_back_alley_shop, shop, uniq_rupert
D:13:     minmay_textured_paths, layout_rooms, minmay_diced_spiral
D:14:     layout_cave_pods, hangedman_vaults_entry_quadrant_bands,
          minmay_tree_intersection, serial_shops, kennysheep_mini,
          fedhas_altar_3
D:15:     grunt_enter_depths_snipers, layout_gridville, good_gods_mini_temple,
          minivault_22
Temple:   nicolae_temple_bog_church
Lair:1:   layout_misc_corridors, hellmonk_guarded_unrand_zhor,
          lemuel_fruit_fields
Lair:2:   layout_regular_city, alex1729_swamp_entry_worm_eleionoma,
          spider_nest_entry_webs, grunt_megastairs_1
Lair:3:   layout_layer_cave, infiniplex_staircase_pool_2
Lair:4:   layout_loops_ring, slime_entry_1, lemuel_fruit_tree
Lair:5:   evilmike_catoblepas_cave, layout_small_grid, uniq_nessos
Swamp:1:  layout_falls_marsh, hangedman_swamp_ruin_hall
Swamp:2:  layout_basic_swamp, portal_ice_cave_entry_ice_statue_one,
          hangedman_swamp_blocks, swamp_pool_3, st_shrine_of_shade
Swamp:3:  layout_basic_swamp, evilmike_swamp_ruin_rubble_1,
          nicolae_swamp_decorative_isthmus
Swamp:4:  swamp, layout_basic_swamp, gammafunk_ghost_arena
Orc:1:    layout_caves
Orc:2:    st_orc_mages, layout_caves, serial_shops, shop,
          nicolae_shop_vocational, uniq_donald

Skill      XL: |  1  2  3  4  5  6  7  8  9 10 11 12 13 14 15 16 17 |
---------------+----------------------------------------------------+-----
Unarmed Combat | 3 4 6 7 9 10 12 13 14 15 16 | 16.5
Fighting       | 4 5 7 8 9 10 11 13 14 15 16 | 16.9
Throwing       | 2 3 4 5 6 7 8 |  8.0
Evocations     | 2 4 6 8 |  8.7
Armour         | 2 3 |  3.7
Dodging        | 3 6 8 9 11 | 11.0
Stealth        | 2 |  2.0

Action                     |  1- 3 |  4- 6 |  7- 9 | 10-12 | 13-15 | 16-18 || total
---------------------------+-------+-------+-------+-------+-------+-------++-------
  Melee: Unarmed           |   119 |   250 |   341 |   450 |  1017 |   499 ||  2676
         Punch             |     1 |     8 |    12 |    37 |    99 |    57 ||   214
  Throw: Javelin           |     4 |    11 |     2 |     5 |     3 |     1 ||    26
         Boomerang         |       |    37 |     4 |    12 |   190 |    56 ||   299
         Dart              |       |       |    20 |   157 |    97 |    47 ||   321
 Invoke: Trog's Hand       |       |     4 |       |     4 |    11 |     3 ||    22
         Brothers in Arms  |       |       |       |     3 |     4 |     1 ||     8
  Evoke: Wand              |       |     5 |     2 |     5 |     3 |     4 ||    19
         Box of beasts     |       |       |       |     2 |     3 |     2 ||     7
         Tin of tremorston |       |       |       |       |       |     2 ||     2
    Use: Scroll            |       |       |     5 |     4 |     5 |     3 ||    17
   Stab: Paralysed         |       |    18 |     2 |     5 |       |     2 ||    27
         Distracted        |       |       |       |     1 |     4 |     1 ||     6
         Sleeping          |       |       |       |       |     6 |     4 ||    10
 Armour: Ring mail         |    64 |    22 |       |       |       |       ||    86
         Scale mail        |       |   155 |   261 |   295 |       |       ||   711
         Animal skin       |       |       |       |    42 |   600 |   300 ||   942
  Dodge: Dodged            |    49 |    95 |   161 |   206 |   580 |   303 ||  1394
  Block: Other             |       |       |       |       |   160 |    65 ||   225
         Reflection        |       |       |       |       |     5 |     1 ||     6

Table legend: (Time is in decaauts)
 A = Elapsed time spent in this place.
 B = Non-inter-level travel time spent in this place.
 C = Inter-level travel time spent in this place.
 D = Time resting spent in this place.
 E = Time spent auto-exploring this place.
 F = Levels seen in this place.
 G = Mean time per level.
                   A        B        C        D        E       F      G
               +--------+--------+--------+--------+--------+-----+--------+
         Total |  31877 |  29527 |   2350 |    907 |  21891 |  29 | 1099.2 |
       Dungeon |  19077 |  17245 |   1832 |    624 |  13029 |  15 | 1271.8 |
        Temple |      1 |      0 |      1 |      0 |      0 |   1 |    1.0 |
          Lair |   7020 |   6695 |    325 |     14 |   5076 |   5 | 1404.0 |
         Swamp |   2936 |   2853 |     83 |    108 |   2021 |   4 |  734.0 |
  Orcish Mines |   1491 |   1385 |    106 |     33 |   1038 |   2 |  745.5 |
      Ice Cave |    867 |    867 |      0 |    127 |    412 |   1 |  867.0 |
      Gauntlet |    482 |    482 |      0 |      0 |    315 |   1 |  482.0 |
               +--------+--------+--------+--------+--------+-----+--------+

Top non-repeatable levels by time:
    D:11: 2217 daAuts
     D:9: 1939 daAuts
  Lair:5: 1801 daAuts
     D:3: 1664 daAuts
  Lair:3: 1652 daAuts
  Lair:2: 1621 daAuts
     D:4: 1587 daAuts
    D:10: 1413 daAuts
     D:5: 1408 daAuts
     D:8: 1265 daAuts
     D:1: 1190 daAuts
    D:14: 1147 daAuts
  Lair:1: 1089 daAuts
     D:7: 1036 daAuts
     D:6: 960 daAuts
